 Dungeon Crawl Stone Soup version 0.25.0-37-gb73750e0fb (webtiles) character file.

Game seed: 8730256505353932833

366 DocSulfur the Cudgeler (level 6, -1/56 HPs)
             Began as a Naga Warper on July 8, 2020.
             Was a Follower of Kikubaaqudgha.
             Slain by a water moccasin (6 damage)
             ... on level 4 of the Dungeon.
             The game lasted 00:25:00 (5033 turns).

DocSulfur the Cudgeler (Naga Warper)                Turns: 5033, Time: 00:25:01

Health: -1/56      AC:  9    Str: 14    XL:     6   Next: 68%
Magic:  9/9        EV:  8    Int: 15    God:    Kikubaaqudgha [*.....]
Gold:   203        SH:  0    Dex: 10    Spells: 9/9 levels left

rFire    . . .     SeeInvis +   s - +0 mace
rCold    . . .     Gourm    .   (no shield)
rNeg     + . .     Faith    .   e - +2 ring mail {rN+}
rPois    +         Spirit   .   (no helmet)
rElec    .         Reflect  .   k - +1 cloak
rCorr    .         Harm     .   w - +0 pair of gloves
MR       .....                  (no barding)
Stlth    ..........             (no amulet)
HPRegen  0.18/turn              (no ring)
MPRegen  0.11/turn              (no ring)

@: lethally poisoned (-1 -> -4), short of breath, very slow
A: large, see invisible, deformed body, poison resistance, slowness 2, slow
metabolism 1, spit poison 1, AC +2
a: Spit Poison, Receive Corpses, Renounce Religion


You were on level 4 of the Dungeon.
You worshipped Kikubaaqudgha.
Kikubaaqudgha was aware of your devotion.
You were hungry.

You visited 1 branch of the dungeon, and saw 5 of its levels.

You collected 203 gold pieces.

Inventory:

Hand Weapons
 a - a +0 hunting sling
 s - a +0 mace (weapon)
Missiles
 l - 102 stones (quivered)
 u - 34 sling bullets
Armour
 b - a +0 leather armour
 e - a +2 ring mail of positive energy (worn)
 k - a +1 cloak (worn)
 w - a +0 pair of gloves (worn)
Jewellery
 y - an uncursed ring of stealth {unknown}
 z - a cursed -4 ring of protection {unknown}
Scrolls
 r - 6 scrolls of remove curse
 x - a scroll of teleportation {unknown}
Potions
 c - a potion of stabbing
 g - 3 potions of degeneration
 m - 2 potions of heal wounds {unknown}
 n - a potion of might {unknown}
 o - 4 potions of brilliance
 q - a potion of lignification {unknown}
 v - 2 potions of resistance {unknown}
Comestibles
 f - 6 rations


   Skills:
 + Level 3.2 Fighting
 * Level 6.3 Maces & Flails
 - Level 0.8 Throwing
 - Level 0.7 Armour
 - Level 1.5 Dodging
 - Level 2.0 Spellcasting
   Level 3.0 Translocations


You had 9 spell levels left.
You didn't know any spells.
Your spell library contained the following spells:

 Spells                   Type           Power        Failure   Level  Hunger
 Blink                    Tloc           N/A          21%         2    ###....
 Shroud of Golubria       Chrm/Tloc      #.....       36%         2    ###....
 Gell's Gravitas          Tloc           ##........   36%         3    ###....
 Lesser Beckoning         Tloc           ##........   36%         3    ###....
 Teleport Other           Tloc           ##......     36%         3    ###....
 Animate Skeleton         Necr           N/A          41%         1    #......
 Pain                     Necr           #...         41%         1    #......
 Sublimation of Blood     Necr           #.........   56%         2    ###....
 Passage of Golubria      Tloc           N/A          78%         4    #####..
 Vampiric Draining        Necr           #.........   80%         3    ###....


Dungeon Overview and Level Annotations

Branches:
Dungeon (5/15)
 Temple: D:4-7

Altars:
Dithmenos
Gozag
Kikubaaqudgha
Trog

Annotations:
D:2 1 runed translucent door, Crazy Yiuf


Innate Abilities, Weirdness & Mutations

You cannot wear boots.
Your serpentine skin is tough. (AC +2)
You have supernaturally acute eyesight. (SInv)
Armour fits poorly on your strangely shaped body.
Your system is resistant to poisons. (rPois)
You cover ground very slowly.
You have a slow metabolism.
You can spit poison.


Message History

You feel sick.
The water moccasin bites you but does no damage.
You barely miss the water moccasin.
The water moccasin is heavily wounded.
You feel sick. The water moccasin bites you.
* * * LOW HITPOINT WARNING * * *
The water moccasin bites you but does no damage.
Press: ? - help, Shift-Dir - straight line, f - water moccasin
Aim: a water moccasin (heavily wounded)
The splash of poison hits the water moccasin.
The water moccasin is poisoned.
The water moccasin is heavily wounded.
You feel slightly more hungry.
The water moccasin bites you but does no damage.
You feel sick. The water moccasin barely misses you.
You closely miss the water moccasin.
The water moccasin is severely wounded.
You feel sick. The water moccasin bites you.
You die...
Kikubaaqudgha rasps: "You have failed me!
Welcome... death!"

#####.##.#.#.#.#
#..........#.#.#
#.###..#.#...#.##########
#.# ##...#.#.#...........
#.# #...#.#############.
#.# ##..#.......#<..# #.
#.# #..#######.#.#.# #.
#.# ##S#######.###.# #.
#.# #@............# #.
#.# #.#######.##### #.
#.# #.# #.#######.
#.######.# #.........
#........# ##########
##########


You could see a water moccasin (poisoned).

Vanquished Creatures
  An orc priest (D:3)
  Natasha (thrice) (D:2)
  Terence (D:2)
  An orc wizard (D:4)
  A worker ant (D:5)
  3 gnolls (D:4)
  6 adders
  4 worms
  3 dart slugs
  2 leopard geckos
  10 orcs
  2 giant cockroaches
  4 goblins
  7 hobgoblins
  4 jackals
  5 kobolds
  3 quokkas
  2 ball pythons
  9 bats
  3 frilled lizards
  A jackal skeleton (D:4)
  A quokka skeleton (D:4)
  6 rats
82 creatures vanquished.

Notes
Turn   | Place    | Note
-------+----------+-------------------------------------------
     0 | D:1      | DocSulfur the Naga Warper began the quest for the Orb.
     0 | D:1      | Reached XP level 1. HP: 19/19 MP: 3/3
   592 | D:1      | Reached XP level 2. HP: 26/26 MP: 5/5
   937 | D:1      | Reached skill level 3 in Maces & Flails
  1653 | D:2      | Reached XP level 3. HP: 31/32 MP: 6/6
  1890 | D:2      | Found an ancient bone altar of Kikubaaqudgha.
  2085 | D:2      | Noticed Terence
  2098 | D:2      | Killed Terence
  2098 | D:2      | Reached skill level 4 in Maces & Flails
  2098 | D:2      | Reached XP level 4. HP: 34/39 MP: 7/7
  2136 | D:2      | Found a shadowy altar of Dithmenos.
  2176 | D:2      | Became a worshipper of Kikubaaqudgha
  2370 | D:2      | Noticed Natasha
  2381 | D:2      | Killed Natasha
  2381 | D:2      | Reached skill level 5 in Maces & Flails
  2381 | D:2      | Reached XP level 5. HP: 37/45 MP: 8/8
  2468 | D:2      | Noticed Natasha
  2478 | D:2      | Killed Natasha
  2570 | D:2      | Noticed Natasha
  2580 | D:2      | Killed Natasha
  2665 | D:2      | Found a runed translucent door.
  2666 | D:2      | Noticed Crazy Yiuf
  3024 | D:3      | Reached * piety under Kikubaaqudgha
  3024 | D:3      | Identified Kikubaaqudgha's Guide on Evil Magic
                  | (Kikubaaqudgha gifted it to you on level 3 of the Dungeon)
  3024 | D:3      | Received a gift from Kikubaaqudgha
  3178 | D:3      | Reached XP level 6. HP: 55/55 MP: 9/9
  4176 | D:4      | Reached skill level 6 in Maces & Flails
  4698 | D:4      | Found a bloodstained altar of Trog.
  4698 | D:4      | Found an opulent altar of Gozag.
  4729 | D:5      | Entered Level 5 of the Dungeon
  4827 | D:5      | Noticed an ice beast
  5007 | D:5      | Noticed a water moccasin
  5033 | D:4      | Slain by a water moccasin

Illustrated notes

Levels and vault maps discovered:
D:1:      mrwooster_arrival_statue_2, layout_loops_cross, roderic_roman_lattice,
          minmay_3d_cube
D:2:      layout_rooms, lemuel_round_altar, nicolae_dithmenos_shadow_blocks,
          uniq_natasha, uniq_crazy_yiuf_cottage, uniq_terence
D:3:      layout_rooms, minmay_unequal
D:4:      layout_basic, grunt_temple_overflow_open
D:5:      layout_rooms, enter_ossuary_2, first_ration, mrwooster_statue_mirror

Skill      XL: |  1  2  3  4  5  6 |
---------------+-------------------+-----
Maces & Flails | 3 4 5 6 |  6.3
Fighting       | 3 |  3.2
Throwing       | |  0.8
Armour         | |  0.7
Dodging        | |  1.5
Spellcasting   | |  2.0
Translocations | |  3.0

Action                   |  1- 3 |  4- 6 || total
-------------------------+-------+-------++-------
Melee: Mace              |    75 |   142 ||   217
 Fire: Hunting sling     |     9 |   102 ||   111
Throw: Boomerang         |     5 |       ||     5
       Stone             |       |     2 ||     2
Invok: Receive Corpses   |       |     1 ||     1
 Abil: Spit Poison       |     6 |    15 ||    21
  Use: Potion            |     2 |       ||     2
       Scroll            |       |    11 ||    11
  Eat: Chunk             |     3 |     8 ||    11
Armor: Leather armour    |    24 |       ||    24
       Ring mail         |    17 |   112 ||   129
Dodge: Dodged            |    60 |   104 ||   164
